 Dungeon Crawl Stone Soup version 0.18.1-8-gdd0e5ea (webtiles) character file.

1081 stigmas the Scholar of Death (level 8, 0/75 HPs)
             Began as a Troll Necromancer on June 6, 2016.
             Was a Follower of Kikubaaqudgha.
             Slain by a gnoll
             ... wielding a +0 spear
              (1 damage)
             ... on level 5 of the Dungeon.
             The game lasted 00:13:06 (4256 turns).

stigmas the Scholar of Death (Troll Necromancer)    Turns: 4256, Time: 00:13:07

Health: 0/75       AC:  5    Str: 16 (17) XL:     8   Next: 8%
Magic:  6/10       EV: 10    Int: 12 (13) God:    Kikubaaqudgha [*.....]
Gold:   262        SH:  0    Dex:  7 (10) Spells: 3 memorised, 4 levels left

rFire  . . .     SeeInvis .       - Unarmed
rCold  . . .     Gourm    +     a - +0 robe
rNeg   . . .     Faith    .     (no shield)
rPois  .         Spirit   .     (helmet restricted)
rElec  .         Dismiss  .     (no cloak)
rCorr  .         Reflect  .     (gloves unavailable)
SustAt .         Harm     .     (boots unavailable)
MR     .....                    (no amulet)
Stlth  +.........               (no ring)
                                (no ring)

@: lethally poisoned (0 -> -1), about to teleport, not resistant to hostile
enchantments, very unstealthy
A: unfitting armour, claws 3, fast metabolism 3, gourmand, regeneration 2,
shaggy fur 1, tough skin 2
a: Receive Corpses, Renounce Religion


You were on level 5 of the Dungeon.
You worshipped Kikubaaqudgha.
Kikubaaqudgha was aware of your devotion.
You were very hungry.

You visited 2 branches of the dungeon, and saw 6 of its levels.

You collected 262 gold pieces.

Inventory:

Armour
 a - a +0 robe (worn)
Jewellery
 o - an uncursed ring of protection from fire
Wands
 x - a wand of slowing (31/48)
Scrolls
 d - 2 scrolls of immolation {unknown}
 e - 2 scrolls of noise {unknown}
 j - a scroll of teleportation
 n - 2 scrolls of random uselessness {unknown}
 q - 3 scrolls of fear {unknown}
 r - 2 scrolls of enchant armour {unknown}
 s - 2 scrolls of remove curse {unknown}
 v - a scroll of amnesia {unknown}
 y - a scroll of magic mapping {unknown}
 A - a scroll of recharging {unknown}
Potions
 h - a potion of mutation
 i - a potion of heal wounds {unknown}
 l - 3 potions of might
 m - a potion of haste {unknown}
 p - 3 potions of agility {unknown}
 t - 2 potions of flight {unknown}
Books
 b - a book of Necromancy

   Spells                             Type                      Level
   a - Pain                           Necromancy                   1
   b - Animate Skeleton               Necromancy                   1
   c - Vampiric Draining              Necromancy                   3
   d - Regeneration                   Charms/Necromancy            3
   e - Animate Dead                   Necromancy                   4
   f - Control Undead                 Necromancy                   4
 w - a book of Spatial Translocations

   Spells                             Type                      Level
   a - Apportation                    Translocation                1
   b - Blink                          Translocation                2
   c - Shroud of Golubria             Charms/Translocation         2
   d - Portal Projectile              Translocation                3
   e - Teleport Other                 Translocation                3
   f - Passage of Golubria            Translocation                4
Comestibles
 c - 6 bread rations
 g - 7 fruits
 u - 2 meat rations
 z - a slice of pizza
 B - 2 beef jerkies


   Skills:
 * Level 3.2 Fighting
 + Level 4.2 Dodging
 - Level 1.1 Stealth
 * Level 4.3 Unarmed Combat
 * Level 2.2 Spellcasting
 * Level 4.8 Necromancy


You had 4 spell levels left.
You knew the following spells:

 Your Spells              Type           Power        Failure   Level  Hunger
a - Pain                  Necr           ##..         4%          1    ##.....
b - Regeneration          Chrm/Necr      #.........   34%         3    ####...
c - Vampiric Draining     Necr           ##........   14%         3    ####...


Dungeon Overview and Level Annotations

Branches:
Dungeon (5/15)             Temple (1/1) D:4

Altars:
Ashenzari
Cheibriados
Fedhas
Gozag
Kikubaaqudgha
Makhleb
Nemelex Xobeh
Okawaru
Pakellas
Qazlal
Ru
Sif Muna
Trog
Xom
Zin
The Shining One

Annotations:
D:5 thebruceleroy's ghost, novice DDBe


Innate Abilities, Weirdness & Mutations

You are too large for most types of armour.
You have claws for hands.
Your metabolism is lightning-fast.
You like to eat raw meat.
You heal very quickly.
You are covered in fur (AC +1).
You have very tough skin (AC +2).


Message History

The worker ant bites you.
* * * LOW HITPOINT WARNING * * *
You are poisoned.
The worker ant poisons you!
Read which item? (? for menu, Esc to quit)
As you read the scroll of teleportation, it crumbles to dust.
You feel strangely unstable.
You feel sick.
The gnoll hits you from afar with a spear.
* * * LOW HITPOINT WARNING * * *
The worker ant bites you.
* * * LOW HITPOINT WARNING * * *
Drink which item? (? for menu, Esc to quit)
It was a potion of degeneration.
There was something very wrong with that liquid.
You feel weakened.
You feel dopey.
You feel clumsy.
* * * LOW HITPOINT WARNING * * *
You feel sick.
The gnoll hits you from afar with a spear.
You die...
Kikubaaqudgha rasps: "You have failed me!
Welcome... death!"

..###..####.####...###
# #..##.....##.....##
#..#.......#.##...##
#..#.......#.###...#
##....._.....# #####
#.#.......#.#
#.#.......#.#
##.##.....##.# #
#..####.####@### ##
#........Kga.#.#
.####.#..########..##
#.(#....## ##....#
##(...### ##.....####
#(....## ##.........#
(......### #.........##
......#..####.........#
(.....##..............#


You could see a worker ant, a gnoll and a kobold.

Vanquished Creatures
  Menkaure (D:5)
  The ghost of kgarrison343 the Chucker, an amateur HEHu (D:3)
  Edmund (D:5)
  An ogre (D:5)
  2 big kobolds (D:5)
  A giant frog (D:5)
  A scorpion (D:4)
  2 crimson imps (D:5)
  A howler monkey (D:4)
  A jelly (D:5)
  Ijyb (D:2)
  A worker ant (D:4)
  9 adders
  2 gnolls (D:5)
  A worm (D:2)
  4 dart slugs
  3 giant geckos
  4 orcs (D:3)
  3 giant cockroaches
  3 goblins
  5 hobgoblins
  11 jackals
  27 kobolds
  A quokka (D:2)
  A ball python (D:2)
  5 bats
  6 giant newts
  8 rats
107 creatures vanquished.

Notes
Turn   | Place    | Note
--------------------------------------------------------------
     0 | D:1      | stigmas the Troll Necromancer began the quest for the Orb.
     0 | D:1      | Reached XP level 1. HP: 16/16 MP: 1/1
   227 | D:1      | Reached XP level 2. HP: 24/24 MP: 2/2
  1003 | D:2      | Reached XP level 3. HP: 13/32 MP: 2/4
  1133 | D:2      | Reached skill level 1 in Unarmed Combat
  1183 | D:2      | Noticed Ijyb
  1196 | D:2      | Killed Ijyb
  1196 | D:2      | Reached skill level 1 in Fighting
  1196 | D:2      | Reached XP level 4. HP: 40/41 MP: 5/5
  2012 | D:3      | Reached XP level 5. HP: 48/48 MP: 6/6
  2038 | D:3      | Found a blossoming altar of Fedhas.
  2148 | D:3      | Noticed kgarrison343's ghost (amateur HEHu)
  2171 | D:3      | Killed kgarrison343's ghost
  2171 | D:3      | Reached XP level 6. HP: 35/57 MP: 7/7
  2625 | D:4      | Found a staircase to the Ecumenical Temple.
  2634 | Temple   | Entered the Ecumenical Temple
  3201 | D:5      | Entered Level 5 of the Dungeon
  3202 | D:5      | Noticed Edmund
  3251 | D:5      | Killed Edmund
  3251 | D:5      | Reached XP level 7. HP: 31/65 MP: 7/9
  3271 | D:5      | Learned a level 3 spell: Regeneration
  3275 | D:5      | Learned a level 3 spell: Vampiric Draining
  3340 | D:5      | Noticed Menkaure
  3346 | D:5      | Killed Menkaure
  3415 | D:5      | Found an ancient bone altar of Kikubaaqudgha.
  3421 | D:5      | Became a worshipper of Kikubaaqudgha
  3755 | D:5      | Found a shimmering altar of Xom.
  3755 | D:5      | Found a burning altar of Makhleb.
  3842 | D:5      | Noticed thebruceleroy's ghost (novice DDBe)
  4156 | D:5      | Reached * piety under Kikubaaqudgha
  4156 | D:5      | Received a gift from Kikubaaqudgha
  4159 | D:5      | Reached XP level 8. HP: 47/75 MP: 10/10
  4255 | D:5      | HP: 1/75 [worker ant (5)]
  4256 | D:5      | Slain by a gnoll

Skill      XL: |  1  2  3  4  5  6  7 |
---------------+----------------------+-----
Unarmed Combat | 1 2 3 4 |  4.3
Fighting       | 1 2 3 |  3.2
Dodging        | 2 3 4 |  4.2
Necromancy     | 4 |  4.8
Spellcasting   | 2 |  2.2
Stealth        | |  1.1

Action                   |  1- 3 |  4- 6 |  7- 9 || total
-------------------------+-------+-------+-------++-------
Melee: Unarmed           |   113 |   216 |   164 ||   493
       Punch             |       |     1 |     3 ||     4
 Cast: Vampiric Draining |       |       |     3 ||     3
       Regeneration      |       |       |     1 ||     1
  Use: Scroll            |       |     4 |     1 ||     5
       Potion            |       |       |     3 ||     3
 Stab: Sleeping          |     1 |     2 |       ||     3
  Eat: Chunk             |    13 |    12 |     3 ||    28
       Pizza             |       |     1 |       ||     1
       Meat ration       |       |       |     1 ||     1
       Beef jerky        |       |       |     1 ||     1
Armor: Robe              |    39 |   108 |    54 ||   201
Dodge: Dodged            |    61 |   161 |   134 ||   356
